 Dungeon Crawl Stone Soup version 0.30-a0-341-g682706514a (webtiles) character file.

Game seed: 15815767161460667755

30 Alacron the Trooper (level 3, -5/33 HPs)
             Began as a Ghoul Monk on Nov 1, 2022.
             Slain by Terence
             ... wielding a +0 falchion
              (6 damage)
             ... on level 1 of the Dungeon.
             The game lasted 00:02:46 (902 turns).

Alacron the Trooper (Ghoul Monk)                     Turns: 902, Time: 00:02:47

Health: -5/33      AC:  2    Str: 16    XL:     3   Next: 18%
Magic:  2/2        EV: 12    Int:  5    God:
Gold:   77         SH:  0    Dex: 11    Spells: 2/2 levels left

rFire   . . .      SeeInvis .      - Unarmed
rCold   + . .      Faith    .    (no shield)
rNeg    + + +      Spirit   .    a - +0 robe
rPois   ∞          Reflect  .    (no helmet)
rElec   .          Harm     .    (no cloak)
rCorr   .          Rampage  .    (no gloves)
Will    .....                    (no boots)
Stlth   ++........               (no amulet)
HPRegen 0.00/turn                (no ring)
MPRegen 0.08/turn                (no ring)

@: inhibited regen
A: claws 1, cold resistance 1, negative energy resistance 3, inhibited
regeneration, torment resistance 2, devour on kill
a: no special abilities


You were on level 1 of the Dungeon.
You visited 1 branch of the dungeon, and saw 2 of its levels.

You collected 77 gold pieces.

Inventory:

Armour
 a - a +0 robe (worn)
Jewellery
 i - a +4 ring of evasion
Scrolls
 c - a scroll of identify {unknown}
 g - 2 scrolls of teleportation {unknown}
Potions
 b - a potion of ambrosia
 d - a potion of cancellation {unknown}
 e - a potion of magic {unknown}
 f - a potion of curing {unknown}
 h - a potion of degeneration {unknown}


   Skills:
 + Level 3.9 Fighting
 + Level 2.9 Dodging
 + Level 2.4 Stealth
 + Level 3.6 Unarmed Combat


You had 2 spell levels left.
You didn't know any spells.
Your spell library contained the following spells:

 Spells                   Type           Power      Damage    Failure   Level
 Sandblast                Erth           0%         2d4       47%         1
 Passwall                 Tmut/Erth      0%         N/A       63%         2
 Inner Flame              Hex/Fire       0%         N/A       85%         3
 Stone Arrow              Conj/Erth      0%         3d7       85%         3
 Flame Wave               Conj/Fire      0%         2d4       99%         4
 Sticky Flame             Conj/Fire      0%         2d3       99%         4


Dungeon Overview and Level Annotations

Branches:
Dungeon (2/15)

Altars:

Shops:
D:2 [

Annotations:
D:1 Terence


Innate Abilities, Weirdness & Mutations

You are immune to poison.
You have sharp fingernails.
Your flesh is cold resistant. (rC+)
You are immune to negative energy. (rN+++)
You do not regenerate when monsters are visible.
You are immune to unholy pain and torment.
You thrive by killing the living.


Message History

Terence is lightly wounded.
You scratch Terence but do no damage.
Terence is lightly wounded.
Terence hits you but does no damage.
You scratch Terence.
Terence is moderately wounded.
Terence misses you.
You scratch Terence.
Terence is heavily wounded.
Terence closely misses you. The ball python bites you.
The ball python barely misses you.
You scratch Terence but do no damage.
Terence is heavily wounded.
Terence hits you with a +0 falchion. The ball python barely misses you.
The ball python grabs you. The ball python constricts you.
You scratch the ball python.
You kill the ball python!
Terence hits you with a +0 falchion. The dart slug launches a dart at you.
The slug dart misses you. Terence says, "How do you enjoy it?"
Terence hits you with a +0 falchion.
* * * LOW HITPOINT WARNING * * *
The dart slug launches a dart at you. The slug dart hits you.
* * * LOW HITPOINT WARNING * * *
You climb upwards.
There is a stone staircase leading down here.
You claw Terence!
Terence is almost dead.
Terence closely misses you.
You barely miss Terence.
Terence is almost dead.
Terence hits you with a +0 falchion.
* * * LOW HITPOINT WARNING * * *
The dart slug bites you but does no damage.
You scratch Terence but do no damage.
Terence is almost dead.
Terence hits you with a +0 falchion.
You die...

#######....##..#####.#
## #....##..#.....#
.## #....##..#.#####
..## #....##..#.#
...## #....##..#.#
....# #....##..#.#
....#########..#.#
#....# #..#@# ##...#
#..w@# .#...# ######
.#...# .#...# ##...#
....(# #...## ....#
...##


You could see Terence and a dart slug.

Vanquished Creatures
  A dart slug (D:1)
  4 ball pythons
  2 bats (D:1)
  4 endoplasms (D:1)
  A giant cockroach (D:2)
  3 hobgoblins (D:1)
  A quokka (D:1)
  2 frilled lizards (D:1)
  3 goblins (D:1)
  2 kobolds (D:1)
  4 rats (D:1)
27 creatures vanquished.

Notes
Turn   | Place    | Note
-------+----------+-------------------------------------------
     0 | D:1      | Alacron the Ghoul Monk began the quest for the Orb.
     0 | D:1      | Reached XP level 1. HP: 19/19 MP: 0/0
   226 | D:1      | Reached XP level 2. HP: 26/26 MP: 1/1
   530 | D:1      | Reached XP level 3. HP: 33/33 MP: 2/2
   746 | D:2      | Found Otoppo's Antique Armour Emporium.
   748 | D:2      | Noticed Terence
   901 | D:1      | HP: 1/33 [Terence/+0 falchion (3)]
   902 | D:1      | Slain by Terence

Illustrated notes

Levels and vault maps discovered:
D:1:      dpeg_arrival_circle_labyrinth_c, layout_basic
D:2:      layout_basic, serial_shops, shop, shop, shop, nicolae_square_shop,
          uniq_natasha, uniq_terence, uniq_robin

Action                   || total
-------------------------++-------
Melee: Unarmed           ||    81
       Punch             ||     2
 Stab: Sleeping          ||     4
Armor: Robe              ||     8
Dodge: Dodged            ||    46

Table legend: (Time is in decaauts)
 A = Elapsed time spent in this place.
 B = Non-inter-level travel time spent in this place.
 C = Inter-level travel time spent in this place.
 D = Time resting spent in this place.
 E = Time spent auto-exploring this place.
 F = Levels seen in this place.
 G = Mean time per level.
                   A        B        C        D        E       F      G
               +--------+--------+--------+--------+--------+-----+--------+
         Total |    898 |    884 |     14 |      0 |    585 |   2 |  449.0 |
       Dungeon |    898 |    884 |     14 |      0 |    585 |   2 |  449.0 |
               +--------+--------+--------+--------+--------+-----+--------+

Top non-repeatable levels by time:
     D:1: 874 daAuts
     D:2: 23 daAuts
